AoeStats
← 穆哥

Arena

508847787Analyzed
1v1 RM · 9d ago on Sep 24, 2026· 51m 52s· 2 players
Game mode
Random Map
Map size
Tiny (2 player)
Population
200
Speed
Normal
Resources
Standard
Victory
Conquest
Starting age
Dark Age
Ending age
Imperial Age
RankedLock teamsTeams togetherTeam positionsShared explorationLock speedFull tech treeHidden civsTurbo modeCheats
Victory
Defeat
🇪🇸 Turks · Spain
1402
+16
🇨🇳 Mongols · China
1412
-16
elbonomecito
10:16 Feudal Age
14:39 Castle Age
12:58 Double-Bit Axe
13:05 Loom
13:25 Horse Collar
16:58 Gold Mining
24:08 Imperial Age
22:16 Bow Saw
22:32 Heavy Plow
24:42 Gold Shaft Mining
24:25 Fletching
29:30 Wheelbarrow
28:41 Town Watch
37:58 Stone Mining
38:37 Ballistics
38:34 Elite Janissary
39:49 Murder Holes
40:29 Hand Cart
40:35 Scale Barding Armor
40:41 Forging
40:42 Bodkin Arrow
42:13 Two-Man Saw
41:44 Chain Barding Armor
42:05 Bloodlines
41:15 Heavy Camel Rider
41:56 Husbandry
42:07 Town Patrol
43:42 Iron Casting
44:19 Plate Barding Armor
45:58 Blast Furnace
44:59 Bracer
46:10 Hoardings
45:39 Artillery
46:00 Conscription
47:21 Padded Archer Armor
49:05 Fortified Wall
49:06 Masonry
49:45 Leather Archer Armor
51:05 Ring Archer Armor
穆哥
10:31 Feudal Age
14:34 Castle Age
12:34 Double-Bit Axe
12:48 Horse Collar
17:29 Loom
19:41 Wheelbarrow
19:17 Stone Mining
28:23 Imperial Age
25:51 Fletching
27:03 Bodkin Arrow
27:10 Padded Archer Armor
28:53 Scale Barding Armor
28:59 Forging
29:19 Bloodlines
29:09 Husbandry
28:33 Cavalier
30:41 Cavalier
32:10 Scale Barding Armor
33:30 Chain Barding Armor
38:20 Bow Saw
38:11 Heavy Plow
42:45 Bracer
43:01 Leather Archer Armor
44:10 Ballistics
45:21 Chemistry
45:13 Conscription
47:06 Parthian Tactics
47:13 Capped Ram
48:33 Elite Mangudai
50:09 Thumb Ring
Connection lost

Rejoining the realm…

Still unreachable

The connection could not be restored.

Session expired

The server has moved on; the page needs a fresh start.